 Seeded DCSS version 0.28.0-53-g5a82cb258f (webtiles) character file.

Game seed: 20220717 (custom seed)

15041 Kazon the Prestidigitator (level 11, -23/99 HPs)
             Began as a Deep Dwarf Hunter on Aug 4, 2022.
             Was a Priest of Makhleb.
             Killed from afar by a hell hog (37 damage)
             ... with a fireball
             ... on level 1 of the Abyss.
             The game lasted 00:50:27 (8502 turns).

Kazon the Prestidigitator (Deep Dwarf Hunter)       Turns: 8502, Time: 00:50:28

Health: -23/99     AC: 15    Str: 24    XL:     11   Next: 96%
Magic:  15/15      EV: 18    Int:  9    God:    Makhleb [***...]
Gold:   575        SH: 13    Dex: 10    Spells: 10/10 levels left

rFire   . . .      SeeInvis .   q - +7 whip of Dishonour {vamp, Will+ rCorr Str+3 Dex-5}
rCold   . . .      Faith    .   c - +0 kite shield
rNeg    + + +      Spirit   .   F - +0 pearl dragon scales
rPois   .          Reflect  +   B - +0 helmet
rElec   .          Harm     .   A - +0 cloak
rCorr   +          Rampage  .   (no gloves)
Will    +++..                   (no boots)
Stlth   ..........              T - amulet of reflection
HPRegen 0.00/turn               y - +4 ring of evasion
MPRegen 0.14/turn               x - ring of Atzimugi {rN++ Will+ EV+4 Int-2 Dex+4}

@: unable to read
A: damage resistance, heal wounds, sense surroundings 2, no regeneration, talons
1, clumsy 1, inability to read while threatened
a: Heal Wounds, Renounce Religion, Minor Destruction, Lesser Servant of Makhleb


You were on level 1 of the Abyss.
You worshipped Makhleb.
Makhleb was most pleased with you.
You visited 2 branches of the dungeon, and saw 12 of its levels.
You visited the Abyss 1 time.

You collected 673 gold pieces.
You spent 98 gold pieces at shops.

Inventory:

Hand Weapons
 e - the +7 short sword of Punishment {venom, +Blink Fly rPois rC-}
   (You found it on level 4 of the Dungeon)

   It poisons the flesh of those it strikes.
   rC:        It makes you vulnerable to cold.
   rPois:     It protects you from poison.
   Fly:       It grants you flight.
   +Blink:    It lets you blink.
 q - the +7 whip of Dishonour (weapon) {vamp, Will+ rCorr Str+3 Dex-5}
   (You found it on level 3 of the Dungeon)

   It occasionally heals its wielder for a portion of the damage dealt when it
   wounds a living foe.
   Str:       It affects your strength (+3).
   Dex:       It affects your dexterity (-5).
   rCorr:     It protects you from acid and corrosion.
   Will:      It increases your willpower.
 w - a +1 hand crossbow
Missiles
 d - 113 bolts
 f - 358 stones
 s - 23 poisoned darts
 t - 7 boomerangs
 M - a curare-tipped dart
 P - 4 throwing nets
 S - 6 javelins (quivered)
Armour
 c - a +0 kite shield (worn)
 A - a +0 cloak (worn)
 B - a +0 helmet (worn)
 F - +0 pearl dragon scales (worn)
Jewellery
 j - a ring of protection from cold
 x - the ring of Atzimugi (right hand) {rN++ Will+ EV+4 Int-2 Dex+4}
   (You found it on level 4 of the Dungeon)

   [ring of evasion]

   EV:        It affects your evasion (+4).
   Int:       It affects your intelligence (-2).
   Dex:       It affects your dexterity (+4).
   rN:        It greatly protects you from negative energy.
   Will:      It increases your willpower.
 y - a +4 ring of evasion (left hand)
 T - an amulet of reflection (around neck)
 X - a ring of fire
Wands
 p - a wand of flame (44)
 u - a wand of polymorph (5)
 I - a wand of paralysis (9)
 W - a wand of acid (5)
Scrolls
 g - 5 scrolls of teleportation
 h - a scroll of amnesia {unknown}
 i - 2 scrolls of identify
 m - a scroll of fear {unknown}
 r - 4 scrolls of enchant weapon {unknown}
 C - 2 scrolls of enchant armour {unknown}
 D - a scroll of acquirement {unknown}
 J - a scroll of holy word {unknown}
 K - a scroll of noise {unknown}
 L - 3 scrolls of fog {unknown}
 N - 2 scrolls of immolation {unknown}
 Q - a scroll of vulnerability {unknown}
 U - a scroll of magic mapping {unknown}
Potions
 a - 4 potions of heal wounds
 b - a potion of lignification
 k - 2 potions of degeneration {unknown}
 l - 5 potions of curing {unknown}
 n - 2 potions of attraction {unknown}
 v - 2 potions of haste
 z - a potion of mutation
 E - 2 potions of ambrosia {unknown}
 G - a potion of resistance
 H - 2 potions of cancellation {unknown}
 R - a potion of might
 V - 2 potions of berserk rage {unknown}
Miscellaneous
 o - a lightning rod (4/4)
 O - a tin of tremorstones (2/2)


   Skills:
 * Level 6.7 Fighting
 + Level 4.2 Short Blades
 + Level 9.3 Maces & Flails
 + Level 5.2 Crossbows
 + Level 3.8 Throwing
 + Level 7.0 Armour
 + Level 6.1 Dodging
 * Level 3.3 Stealth
 + Level 4.0 Shields
 * Level 7.3 Invocations
 + Level 11.0 Evocations


You had 10 spell levels left.
You didn't know any spells.
Your spell library contained the following spells:

 Spells                   Type           Power      Damage    Failure   Level
 Animate Skeleton         Necr           0%         N/A       97%         1
 Beastly Appendage        Tmut           0%         N/A       97%         1
 Magic Dart               Conj           0%         1d3       97%         1
 Shock                    Conj/Air       0%         1d3       97%         1
 Call Imp                 Summ           0%         N/A       99%         2
 Corpse Rot               Necr/Air       0%         N/A       99%         2
 Poisonous Vapours        Pois/Air       0%         N/A       99%         2
 Wereblood                Tmut           0%         N/A       99%         2
 Mephitic Cloud           Conj/Pois/Air  0%         N/A       100%        3
 Spider Form              Tmut/Pois      0%         N/A       100%        3
 Swiftness                Air            0%         N/A       100%        3
 Airstrike                Air            0%         N/A       100%        4


Dungeon Overview and Level Annotations

Branches:
Dungeon (11/15)            Temple (1/1) D:7            Lair (0/6) D:9
    Orc (0/2) D:10

Altars:
Ashenzari
Cheibriados
Dithmenos
Elyvilon
Fedhas
Gozag
Hepliaklqana
Kikubaaqudgha
Makhleb
Nemelex Xobeh
Okawaru
Qazlal
Ru
Sif Muna
Trog
Uskayaw
Vehumet
Wu Jian
Xom
Yredelemnul
Zin
The Shining One

Shops:
D:8 *

Annotations:
D:4 2 transporters
D:11 Sonja


Innate Abilities, Weirdness & Mutations

You are resistant to damage.
You can heal yourself by infusing magical energy.
You passively map the area around you.
You do not regenerate.
You have sharp toenails.
You are clumsy. (Dex -2)
You sometimes lose the ability to read scrolls when taking damage.


Message History

You hit the cacodemon but do no damage.
You claw the cacodemon, but do no damage.
The cacodemon is lightly wounded.
The hell hog misses you. The cacodemon barely misses you.
The cacodemon hits you!
You barely miss the cacodemon.
The cacodemon is lightly wounded.
You block the hell hog's attack. The hell hog completely misses you.
The alligator snapping turtle skeleton bites you from afar!
* * * LOW HITPOINT WARNING * * *
The cacodemon hits you. You block the cacodemon's attack.
The hell hog bites you.
* * * LOW HITPOINT WARNING * * *
You feel much better. The hell hog bites you! The hell hog barely misses you.
The cacodemon hits you but does no damage.
You block the cacodemon's attack. The hell hog closely misses you.
The cacodemon gestures next to the hell hog.
Some rock shatters into small pieces.
You hit the hell hog.
The hell hog is lightly wounded.
The hell hog breathes fire at you.
The fireball explodes!
The fireball engulfs you!!
* * * LOW HITPOINT WARNING * * *
The fireball engulfs the hell hog.
The hell hog completely resists.
You hear a chilling moan.
You feel much better. The hell hog breathes fire at you.
The fireball explodes!
The fireball engulfs you!!
* * * LOW HITPOINT WARNING * * *
The fireball engulfs the hell hog.
The hell hog completely resists.
You block the hell hog's attack.
You hit the hell hog.
The hell hog is lightly wounded.
You block the hell hog's attack. The hell hog breathes fire at you.
The fireball explodes!
The fireball engulfs the hell hog.
The hell hog completely resists.
The fireball engulfs the hell hog.
The hell hog completely resists.
The fireball engulfs the hell hog.
The hell hog completely resists.
The fireball engulfs you!!!
You die...

#. . # .. # . # #....
. ##. # ##. #.# #
#.......#..##.##.# .
. ..... .#........ #
#. # ... .. ##..# .#
#. .. ....
..#...##.###... #
.#.####.##2hh@.......
# ...
...##.##.h##########
# ........x.Z.h #. ..
# .......#.###... ..#
#. ....#.
....##..##.### . # .
.....##..#.#.#.#.
.......# ..#... ...
#. . . .. .# ##.h##.
# . ..... #.. ##... .
.


You could see a cacodemon, 3 hell hogs, a small abomination and an alligator
snapping turtle skeleton.

Vanquished Creatures
  Erolcha (D:11)
  Harold (D:10)
  3 death yaks (D:9)
  2 two-headed ogres
  Joseph (D:8)
  Psyche (D:9)
  A komodo dragon (D:11)
  An unseen horror (D:11)
  A troll (D:10)
  A silent spectre (Abyss:1)
  2 hornets (D:11)
  Grinder (D:4)
  A shadow (D:10)
  15 yaks
  2 wyverns
  Grum (D:8)
  A hog (D:10)
  2 steam dragons
  Eustachio (D:5)
  A human (D:10)
  Menkaure (D:6)
  An acid dragon (D:10)
  A water moccasin (D:6)
  2 ice beasts
  3 orc warriors
  A sky beast (D:6)
  5 centaurs
  An ogre (D:4)
  5 wolves
  3 phantoms
  5 kobold brigands
  2 bullfrogs (D:9)
  2 gnoll sergeants (D:8)
  6 scorpions
  A water moccasin zombie (D:5)
  A wyvern skeleton (D:6)
  2 water moccasin skeletons (D:7)
  2 troll zombies (D:10)
  3 wights (D:9)
  10 killer bees
  2 howler monkeys
  2 centaur zombies
  6 hounds
  2 jellies
  2 gnoll shamans
  3 orc priests
  2 bullfrog skeletons (D:6)
  Crazy Yiuf (D:4)
  2 iguanas
  6 orc wizards
  A scorpion zombie (D:5)
  Terence (D:2)
  A killer bee zombie (D:7)
  6 ogre zombies (D:10)
  A hound skeleton (D:5)
  A howler monkey zombie (D:7)
  9 gnolls
  5 adders
  3 river rats (D:9)
  A shadow imp (D:5)
  A white imp (D:6)
  An ufetubus (D:6)
  An adder skeleton (D:4)
  3 worms
  5 dart slugs
  20 orcs
  7 ball pythons
  6 bats
  6 endoplasms
  4 giant cockroaches
  4 goblins
  4 hobgoblins
  3 jackals (D:1)
  22 kobolds
  6 quokkas
  2 frilled lizards
  2 goblin skeletons (D:10)
  4 goblin zombies (D:10)
  2 hobgoblin skeletons (D:10)
  2 hobgoblin zombies (D:10)
  15 orc zombies (D:10)
  9 rats
283 creatures vanquished.

Vanquished Creatures (collateral kills)
  A yak (D:10)
  2 vampire mosquitoes (D:10)
  A howler monkey (D:10)
4 creatures vanquished.

Vanquished Creatures (others)
  A bush (D:5)
  16 plants
  2 starspawn tentacles (Abyss:1)
19 creatures vanquished.

Grand Total: 306 creatures vanquished

Notes
Turn   | Place    | Note
-------+----------+-------------------------------------------
     0 | D:1      | Kazon the Deep Dwarf Hunter began the quest for the Orb.
     0 | D:1      | Reached XP level 1. HP: 19/19 MP: 1/1
   117 | D:1      | Reached XP level 2. HP: 13/26 MP: 2/2
   393 | D:1      | Reached XP level 3. HP: 25/32 MP: 3/3
   799 | D:2      | Noticed Terence
   812 | D:2      | Killed Terence
   813 | D:2      | Reached skill level 1 in Maces & Flails
   813 | D:2      | Reached XP level 4. HP: 7/39 MP: 3/3
   831 | D:2      | Found a faded altar of an unknown god.
   896 | D:2      | Reached skill level 1 in Armour
  1352 | D:3      | Found a basalt altar of Yredelemnul.
  1518 | D:3      | Identified the +7 whip of Dishonour {vamp, Will+ rCorr
                  | Str+3 Dex-5}
  1622 | D:4      | Noticed Grinder
  1645 | D:4      | Killed Grinder
  1646 | D:4      | Reached skill level 1 in Throwing
  1646 | D:4      | Reached skill level 2 in Evocations
  1646 | D:4      | Reached XP level 5. HP: 27/46 MP: 4/4
  1646 | D:4      | Reached XP level 6. HP: 33/55 MP: 5/5
  1664 | D:4      | Identified the ring of Atzimugi {rN++ Will+ EV+4 Int-2
                  | Dex+4}
  1744 | D:4      | Identified the +7 short sword of Punishment {venom, +Blink
                  | Fly rPois rC-}
  1836 | D:4      | Found a transporter.
  1837 | D:4      | Noticed a fire bat
  1837 | D:4      | Noticed a fire bat
  1893 | D:4      | Found a hide-covered altar of Uskayaw.
  1900 | D:4      | Noticed a +0 hand axe
  1900 | D:4      | Noticed a +0 hand axe
  2028 | D:4      | Noticed Edmund
  2034 | D:4      | Noticed Edmund
  2034 | D:4      | Edmund changed into Edmund the wolf
  2047 | D:4      | Killed Edmund the wolf
  2048 | D:4      | Reached skill level 3 in Evocations
  2048 | D:4      | Reached XP level 7. HP: 37/62 MP: 6/6
  2054 | D:4      | Found a transporter.
  2200 | D:4      | Found a runed translucent door.
  2201 | D:4      | Noticed Crazy Yiuf
  2210 | D:4      | Killed Crazy Yiuf
  2266 | D:5      | Entered Level 5 of the Dungeon
  2301 | D:5      | Reached skill level 1 in Short Blades
  2406 | D:5      | Reached skill level 4 in Evocations
  2520 | D:5      | Noticed a steam dragon
  2536 | D:5      | Killed a steam dragon
  2537 | D:5      | Reached XP level 8. HP: 57/69 MP: 7/7
  2605 | D:5      | Reached skill level 5 in Evocations
  2610 | D:5      | Noticed Eustachio
  2654 | D:5      | Reached skill level 5 in Maces & Flails
  2685 | D:5      | Killed Eustachio
  2970 | D:6      | Noticed Menkaure
  2973 | D:6      | Killed Menkaure
  2974 | D:6      | Reached skill level 6 in Evocations
  3134 | D:6      | Found a shadowy altar of Dithmenos.
  3274 | D:6      | Gained mutation: You passively map the area around you.
                  | [Deep Dwarf growth]
  3274 | D:6      | Reached XP level 9. HP: 68/78 MP: 8/8
  3290 | D:6      | Reached skill level 7 in Evocations
  3296 | D:6      | Reached skill level 5 in Armour
  3839 | D:6      | Found a blossoming altar of Fedhas.
  4019 | D:7      | Reached skill level 5 in Crossbows
  4096 | D:7      | Reached skill level 8 in Evocations
  4416 | D:7      | Found a staircase to the Ecumenical Temple.
  4451 | Temple   | Entered the Ecumenical Temple
  4477 | Temple   | Became a worshipper of Makhleb the Destroyer
  4782 | D:7      | Reached skill level 1 in Invocations
  4936 | D:8      | Noticed Grum
  4969 | D:8      | Killed Grum
  4973 | D:8      | Reached skill level 9 in Evocations
  5035 | D:8      | Reached XP level 10. HP: 86/87 MP: 10/10
  5247 | D:8      | Reached * piety under Makhleb
  5579 | D:8      | Found Plog's General Store.
  5579 | D:8      | Noticed Joseph
  5606 | D:8      | Killed Joseph
  5670 | D:8      | Found a hazy altar of Hepliaklqana.
  5670 | D:8      | Found a faded altar of an unknown god.
  5712 | D:8      | Reached skill level 5 in Dodging
  5765 | D:8      | Bought a scroll of identify for 28 gold pieces
  5765 | D:8      | Bought a potion of heal wounds for 70 gold pieces
  5932 | D:9      | Found an ornate altar of the Wu Jian Council.
  6044 | D:9      | Reached skill level 5 in Fighting
  6220 | D:9      | Noticed a two-headed ogre
  6233 | D:9      | Killed a two-headed ogre
  6234 | D:9      | Reached skill level 5 in Invocations
  6235 | D:9      | Found a staircase to the Lair.
  6252 | D:9      | Reached ** piety under Makhleb
  6266 | D:9      | Noticed a death yak
  6272 | D:9      | Noticed a death yak
  6275 | D:9      | Noticed a death yak
  6301 | D:9      | Killed a death yak
  6302 | D:9      | Reached skill level 1 in Shields
  6368 | D:9      | Killed a death yak
  6369 | D:9      | Reached skill level 10 in Evocations
  6369 | D:9      | Reached XP level 11. HP: 96/96 MP: 14/14
  6389 | D:9      | Killed a death yak
  6462 | D:9      | Found an ancient bone altar of Kikubaaqudgha.
  6466 | D:9      | Found a shimmering blue altar of Sif Muna.
  6467 | D:9      | Found a radiant altar of Vehumet.
  6470 | D:9      | Got Kikubaaqudgha's Guide on Evil
  6508 | D:9      | Found a bloodstained altar of Trog.
  6547 | D:9      | Noticed Psyche
  6555 | D:9      | Killed Psyche
  6713 | D:10     | Entered Level 10 of the Dungeon
  6939 | D:10     | Found a staircase to the Orcish Mines.
  7038 | D:10     | Reached *** piety under Makhleb
  7314 | D:10     | Found an opulent altar of Gozag.
  7459 | D:10     | Noticed a two-headed ogre
  7467 | D:10     | Killed a two-headed ogre
  7488 | D:10     | Noticed Harold
  7509 | D:10     | Killed Harold
  7628 | D:10     | Reached skill level 11 in Evocations
  7821 | D:10     | Found a shimmering altar of Xom.
  8206 | D:11     | Noticed Erolcha
  8224 | D:11     | Killed Erolcha
  8345 | D:11     | Noticed Sonja
  8356 | D:11     | Cast into level 1 of the Abyss (Sonja)
  8360 | Abyss:1  | Noticed a tentacled monstrosity
  8360 | Abyss:1  | Noticed a profane servitor
  8360 | Abyss:1  | Noticed a tentacled monstrosity
  8363 | Abyss:1  | Noticed a tentacled starspawn
  8364 | Abyss:1  | Noticed a cacodemon
  8377 | Abyss:1  | Found a corrupted altar of Lugonu.
  8470 | Abyss:1  | Gained mutation: You are clumsy. (Dex -2) [a cacodemon]
  8472 | Abyss:1  | Noticed a hell hog
  8475 | Abyss:1  | Noticed a hell hog
  8476 | Abyss:1  | Gained mutation: You sometimes lose the ability to read
                  | scrolls when taking damage. [a cacodemon]
  8476 | Abyss:1  | Noticed a hell hog
  8480 | Abyss:1  | Gained mutation: You have sharp toenails. [a cacodemon]
  8494 | Abyss:1  | Noticed a hell hog
  8502 | Abyss:1  | Killed from afar by a hell hog

Illustrated notes

Levels and vault maps discovered:
D:1:      minmay_arrival_loop, layout_basic, minmay_octomino_e4
D:2:      layout_rooms, shapermc_ecumenical_altar_acropolis, uniq_terence
D:3:      layout_basic, mainiacjoe_overflow_alcove_4
D:4:      gammafunk_cloud_chamber, layout_rooms, dancing_weapons_uskayaw,
          uniq_crazy_yiuf_cottage, uniq_edmund, uniq_grinder
D:5:      layout_loops_ring, kb_lookout_dungeons_type, minmay_splitting_lines,
          chequers_serial_rivers_micro_c, uniq_eustachio
D:6:      layout_loops_ring, mainiacjoe_overflow_tiny_flanked, fedhas_altar_4,
          grunt_ministairs_9, uniq_menkaure
D:7:      layout_cave_pods, minmay_temple_entry_gardened_gates
D:8:      layout_loops_ring, beargit_hepliaklqana_dungeon_heroes, serial_shops,
          shop_statue, amcnicky_mini_corridor_feature, corexii_checkpoint_a,
          grunt_tough_drop, uniq_joseph, uniq_grum
D:9:      layout_roguey, grunt_temple_overflow_magic_moments,
          mainiacjoe_overflow_cross_hatched, mainiacjoe_overflow_chevrons,
          dpeg_lair_monsters, uniq_psyche
D:10:     layout_stronghold, nicolae_gozag_seed_capital,
          nicolae_overflow_hidden_temple, zombieorc2_lemuel, grunt_livestock,
          feat_on_display, uniq_harold
D:11:     layout_loops_ring, uniq_erolcha, uniq_sonja
Temple:   chequers_temple_sunken
Abyss:1:  base: D:3, hangedman_abyss_town, minivault_24

Skill      XL: |  1  2  3  4  5  6  7  8  9 10 11 |
---------------+----------------------------------+-----
Fighting       | 2 3 4 5 6 |  6.7
Maces & Flails | 1 2 3 4 6 7 8 9 |  9.3
Armour         | 2 3 4 5 6 7 |  7.0
Dodging        | 3 4 5 6 |  6.1
Throwing       | 1 2 3 |  3.8
Evocations     | 2 3 4 6 9 10 11 | 11.0
Short Blades   | 1 3 4 |  4.2
Stealth        | 2 3 |  3.3
Crossbows      | 5 |  5.2
Invocations    | 2 5 7 |  7.3
Shields        | 1 4 |  4.0

Action                   |  1- 3 |  4- 6 |  7- 9 | 10-12 || total
-------------------------+-------+-------+-------+-------++-------
Melee: Short sword       |    35 |     9 |    94 |   198 ||   336
       Whip              |    86 |   116 |   331 |   482 ||  1015
       Punch             |       |     1 |     5 |     4 ||    10
       Kick              |       |       |       |     2 ||     2
 Fire: Hand crossbow     |     4 |       |     5 |    18 ||    27
Throw: Stone             |    21 |    40 |    48 |   100 ||   209
       Dart              |       |     2 |    15 |    15 ||    32
       Javelin           |       |       |       |     2 ||     2
Invok: Minor Destruction |       |       |       |     5 ||     5
       Lesser Servant of |       |       |       |     2 ||     2
 Abil: Heal Wounds       |     3 |     2 |     1 |     4 ||    10
Evoke: Wand              |       |     4 |       |       ||     4
  Use: Scroll            |       |       |       |     9 ||     9
       Potion            |       |       |       |     3 ||     3
 Stab: Sleeping          |     1 |       |       |       ||     1
Armor: Leather armour    |    30 |       |       |       ||    30
       Scale mail        |       |    26 |    37 |       ||    63
       Skin              |       |    11 |       |       ||    11
       Pearl dragon scal |       |       |    79 |   112 ||   191
Dodge: Dodged            |    85 |    66 |   383 |   329 ||   863
Block: Kite shield       |       |       |       |   288 ||   288
       Reflection        |       |       |       |    10 ||    10
